AoeStats
← aroz

Hideout

509136696Analyzed
1v1 RM · 7d ago on Sep 25, 2026· 62m 16s· 2 players
Game mode
Random Map
Map size
Tiny (2 player)
Population
200
Speed
Normal
Resources
Standard
Victory
Conquest
Starting age
Dark Age
Ending age
Imperial Age
RankedLock teamsTeams togetherTeam positionsShared explorationLock speedFull tech treeHidden civsTurbo modeCheats
Victory
Defeat
🇪🇸 Tatars · Spain
1403
+16
🇺🇸 Malay · United States
1407
-16
aroz
8:27 Loom
10:52 Feudal Age
15:06 Castle Age
12:59 Double-Bit Axe
14:05 Horse Collar
22:05 Fervor
22:55 Wheelbarrow
23:11 Town Watch
23:33 Gold Mining
23:34 Stone Mining
25:59 Gold Shaft Mining
26:46 Hand Cart
28:53 Bloodlines
28:44 Husbandry
28:51 Scale Barding Armor
28:57 Forging
31:18 Imperial Age
29:56 Chain Barding Armor
29:27 Fletching
29:37 Padded Archer Armor
30:49 Ballistics
30:40 Masonry
30:48 Heavy Plow
31:00 Bow Saw
32:50 Plate Barding Armor
32:51 Iron Casting
32:12 Bodkin Arrow
32:21 Elite Steppe Lancer
36:05 Blast Furnace
39:03 Chemistry
38:11 Bracer
39:11 Silk Armor
40:40 Conscription
41:12 Light Cavalry
42:31 Heavy Cavalry Archer
44:41 Hussar
47:34 Leather Archer Armor
63:20 Ring Archer Armor
The_Economist
11:01 Feudal Age
11:01 Double-Bit Axe
14:48 Castle Age
13:04 Gold Mining
12:59 Horse Collar
17:59 Wheelbarrow
17:11 Loom
17:12 Town Watch
24:10 Hand Cart
25:25 Fletching
26:02 Bow Saw
26:34 Bodkin Arrow
26:06 Crossbowman
27:06 Forging
27:14 Gold Mining
27:31 Heavy Plow
32:23 Imperial Age
31:30 Padded Archer Armor
31:58 Bracer
32:59 Crop Rotation
32:35 Town Patrol
33:00 Leather Archer Armor
32:56 Thumb Ring
33:56 Ballistics
34:36 Chemistry
34:14 Scale Barding Armor
34:44 Iron Casting
34:23 Masonry
34:18 Siege Engineers
34:03 Arbalester
35:24 Stone Mining
36:23 Conscription
36:05 Forced Levy
36:44 Gold Shaft Mining
38:03 Ring Archer Armor
38:33 Blast Furnace
38:58 Stone Shaft Mining
37:51 Man-at-Arms
38:31 Squires
38:17 Arson
38:13 Pikeman
39:23 Halberdier
43:15 Bombard Tower
42:25 Elite Skirmisher
48:24 Long Swordsman
50:01 Two-Handed Swordsman
52:52 Light Cavalry
53:32 Husbandry
Connection lost

Rejoining the realm…

Still unreachable

The connection could not be restored.

Session expired

The server has moved on; the page needs a fresh start.